 Dungeon Crawl Stone Soup version 0.28.0 (webtiles) character file.

Game seed: 8387906287710156765

41 pkoi the Chopper (level 3, -4/31 HPs)
             Began as a Minotaur Gladiator on Feb 8, 2022.
             Slain by a gnoll (9 damage)
             ... on level 2 of the Dungeon.
             The game lasted 00:01:46 (1167 turns).

pkoi the Chopper (Minotaur Gladiator)               Turns: 1167, Time: 00:01:46

Health: -4/31      AC:  3    Str: 20    XL:     3   Next: 32%
Magic:  2/2        EV: 12    Int:  5    God:
Gold:   43         SH:  0    Dex: 11    Spells: 2/2 levels left

rFire   . . .      SeeInvis .   a - +1 war axe (protect)
rCold   . . .      Faith    .   (no shield)
rNeg    . . .      Spirit   .   b - +0 leather armour
rPois   .          Reflect  .   c - +0 hat
rElec   .          Harm     .   (no cloak)
rCorr   .          Rampage  .   (no gloves)
Will    .....                   (no boots)
Stlth   +.........              (no amulet)
HPRegen 0.10/turn               (no ring)
MPRegen 0.08/turn               (no ring)

@: no status effects
A: horns 2, retaliatory headbutt
a: no special abilities


You were on level 2 of the Dungeon.
You visited 1 branch of the dungeon, and saw 2 of its levels.

You collected 43 gold pieces.

Inventory:

Hand Weapons
 a - a +1 war axe of protection (weapon)
Missiles
 d - 3 throwing nets (quivered)
 h - 4 poisoned darts
Armour
 b - a +0 leather armour (worn)
 c - a +0 hat (worn)
Scrolls
 e - a scroll of fog
 f - a scroll of brand weapon
 g - a scroll of identify


   Skills:
 + Level 3.1 Fighting
 * Level 4.7 Axes
 - Level 2.0 Throwing
 - Level 1.1 Armour
 - Level 3.2 Dodging


You had 2 spell levels left.
You didn't know any spells.
Your spell library contained the following spells:

 Spells                   Type           Power      Damage    Failure   Level
 Dazzling Flash           Conj/Hex       0%         N/A       88%         3
 Iskenderun's Mystic Bla  Conj/Tloc      0%         2d3       99%         4
 Starburst                Conj/Fire      0%         6d3       100%        6


Dungeon Overview and Level Annotations

Branches:
Dungeon (2/15)

Altars:


Innate Abilities, Weirdness & Mutations

You have a pair of horns on your head.
You reflexively headbutt those who attack you in melee.


Message History

You are held in a net!
You are held in a net!
You are held in a net!
You are held in a net!
You are held in a net!
You are held in a net!
You are held in a net!
Unknown command.
Unknown command.
You struggle against the net.
The gnoll hits you with a +0 spear.
You struggle against the net.
The gnoll hits you with a +0 spear. The gnoll hits you with a +0 flail!
* * * LOW HITPOINT WARNING * * *
Unknown command.
Unknown command.
You rip the net and break free!
The gnoll hits you with a +0 spear.
* * * LOW HITPOINT WARNING * * *
The gnoll barely misses you.
Unknown command.
You hit the gnoll but do no damage.
Your weapon exudes an aura of protection.
You slash the gnoll! You slash the endoplasm!
You kill the endoplasm!
You slash the bat!
You kill the bat!
The gnoll hits you but does no damage. The gnoll barely misses you.
You closely miss the gnoll. You hit the gnoll.
You kill the gnoll!
The gnoll hits you but does no damage.
The gnoll hits you from afar with a +0 halberd.
* * * LOW HITPOINT WARNING * * *
The gnoll hits you with a +0 spear.
* * * LOW HITPOINT WARNING * * *
Unknown command.
The gnoll hits you from afar with a +0 spear.
* * * LOW HITPOINT WARNING * * *
There is a stone staircase leading up here.
The gnoll misses you.
The gnoll hits you from afar with a +0 spear!
You die...

##.....#.#####.#####.#
##...##....#8.8##...
######....##.##..##
##.....##'##...##
#...............# ###
#...............# #....
#............>.)#...#
#............g......#
#..........@.g.†.......
##...........<.........
##....................
......####...........
#### #...........
#...........
#........... ##........


You could see 2 gnolls.

Vanquished Creatures
  A gnoll (D:2)
  3 ball pythons (D:1)
  2 endoplasms
  5 goblins (D:1)
  3 hobgoblins (D:1)
  2 jackals (D:1)
  3 kobolds
  4 bats
  2 frilled lizards
  2 rats (D:1)
27 creatures vanquished.

Vanquished Creatures (others)
  5 plants (D:1)
5 creatures vanquished.

Grand Total: 32 creatures vanquished

Notes
Turn   | Place    | Note
-------+----------+-------------------------------------------
     0 | D:1      | pkoi the Minotaur Gladiator began the quest for the Orb.
     0 | D:1      | Reached XP level 1. HP: 18/18 MP: 0/0
   553 | D:1      | Reached skill level 4 in Axes
   553 | D:1      | Reached XP level 2. HP: 25/25 MP: 1/1
   562 | D:1      | Reached skill level 1 in Armour
  1141 | D:2      | Reached XP level 3. HP: 31/31 MP: 2/2
  1167 | D:2      | Slain by a gnoll

Illustrated notes

Levels and vault maps discovered:
D:1:      enne_arrival_octagon_isle, layout_basic, minmay_misc_feat_diagonals,
          serial_bayou_crossing
D:2:      layout_rooms, hellmonk_ecumenical_altar_inner_sanctum,
          serial_park_tiny_pond, dk_noncrumbling_2, uniq_crazy_yiuf_cottage

Skill      XL: |  1  2 |
---------------+-------+-----
Axes           | 4 |  4.7
Armour         | 1 |  1.1
Fighting       | 3 |  3.1
Throwing       | |  2.0
Dodging        | |  3.2

Action                   || total
-------------------------++-------
Melee: War axe           ||    48
       Headbutt          ||     2
  Use: Scroll            ||     4
Armor: Leather armour    ||    13
Dodge: Dodged            ||    42
